[ PARTIDA AOE2 · #472749697 ]
UnrankedTeutones vs Mongols
[ ANÁLISIS DE REPETICIÓN · EXTRAÍDO DE LA PARTIDA GRABADA ]
Feudal
11:21
Castillos
14:51
Imperial
27:26
| APM promedio | 58.5 |
| APM pico | 109 |
| eAPM promedio | 38.9 |
| Aldeanos / militares | 186 / 745 |
Foco
⚔️ 54.7% · 🌾 45.3%
Spearman ×690 · Scorpion ×23 · Trade Cart ×20 · Trebuchet (Packed) ×14 · Mangonel ×12 · Teutonic Knight ×4
Feudal
10:08
Castillos
18:33
Imperial
35:23
| APM promedio | 25.3 |
| APM pico | 50 |
| eAPM promedio | 14.0 |
| Aldeanos / militares | 89 / 280 |
Foco
⚔️ 35.8% · 🌾 64.2%
Skirmisher ×121 · Cavalry Archer ×120 · Mangudai ×22 · Trebuchet (Packed) ×9 · Battering Ram ×7 · Mangonel ×1
Feudal
8:52
Castillos
21:10
Imperial
35:04
| APM promedio | 45.4 |
| APM pico | 106 |
| eAPM promedio | 30.4 |
| Aldeanos / militares | 147 / 687 |
Foco
⚔️ 54.6% · 🌾 45.4%
Steppe Lancer ×384 · Spearman ×255 · Trade Cart ×51 · Scout Cavalry ×38 · Monk ×7 · Trebuchet (Packed) ×3
Feudal
8:51
Castillos
19:49
Imperial
34:33
| APM promedio | 40.3 |
| APM pico | 95 |
| eAPM promedio | 19.7 |
| Aldeanos / militares | 144 / 587 |
Foco
⚔️ 49.4% · 🌾 50.6%
Steppe Lancer ×312 · Scout Cavalry ×270 · Battering Ram ×5
Feudal
8:16
Castillos
19:55
Imperial
29:41
| APM promedio | 55.7 |
| APM pico | 137 |
| eAPM promedio | 32.0 |
| Aldeanos / militares | 175 / 122 |
Foco
⚔️ 52.2% · 🌾 47.8%
Mameluke ×117 · Trade Cart ×39 · Trebuchet (Packed) ×5
Feudal
10:56
Castillos
14:28
Imperial
30:34
| APM promedio | 33.8 |
| APM pico | 69 |
| eAPM promedio | 21.4 |
| Aldeanos / militares | 182 / 413 |
Foco
⚔️ 47.7% · 🌾 52.3%
Spearman ×149 · Skirmisher ×129 · Archer ×102 · Hussite Wagon ×19 · Bombard Cannon ×8 · Battering Ram ×6
Feudal
10:36
Castillos
15:24
Imperial
24:51
| APM promedio | 19.9 |
| APM pico | 86 |
| eAPM promedio | 11.3 |
| Aldeanos / militares | 110 / 89 |
Foco
⚔️ 32.0% · 🌾 68.0%
Hand Cannoneer ×52 · Bombard Cannon ×16 · Skirmisher ×11 · Janissary ×8 · Mangonel ×1 · Scorpion ×1
Feudal
10:51
Castillos
14:04
Imperial
30:17
| APM promedio | 43.1 |
| APM pico | 82 |
| eAPM promedio | 23.3 |
| Aldeanos / militares | 182 / 290 |
Foco
⚔️ 33.2% · 🌾 66.8%
War Elephant ×217 · Trade Cart ×76 · Camel Scout ×69 · Monk ×4
Mapa de la partida
Recursos iniciales + cada clic de construcción. Líneas = muros · curvas = relieve. ◆ oro · ⬟ piedra · ● bayas · ✦ reliquia · ◌ hueco del cierre
Tu base· ✓ Cerrada en 14:51 · 0t muro · 3 puerta(s)
Base de 夫人我就蹭蹭不进去· ✓ Cerrada en 18:33 · 5t muro · 3 puerta(s)
Base de NoSleep· ✓ Cerrada en 21:10 · 0t muro · 2 puerta(s)
Base de [韓粉戰隊] 鋼鐵韓粉· ✓ Cerrada en 19:49 · 0t muro · 2 puerta(s)
Base de Mau5· ✓ Cerrada en 19:55 · 0t muro · 3 puerta(s)
Base de [韓粉戰隊] 台北庶民· ✓ Cerrada en 14:28 · 1t muro · 2 puerta(s)
Base de 我是幸运的· ✓ Cerrada en 15:24 · 0t muro · 3 puerta(s)
Base de Xun· ✓ Cerrada en 14:04 · 2t muro · 6 puerta(s)
Terreno inicial suavizado · ◌ = hueco del cierre detectado · pasá el cursor para detalles
Inputs por minuto
— Cagata Sonante - - 夫人我就蹭蹭不进去
Build order — Cagata Sonante
Primeras 150 de 1196 acciones detectadas
| 0:01 | Crear | Villager (Male) |
| 0:01 | Crear | Villager (Male) |
| 0:01 | Crear | Villager (Male) |
| 0:02 | Construir | House |
| 0:03 | Construir | House |
| 0:18 | Crear | Villager (Male) |
| 0:18 | Crear | Villager (Male) |
| 1:28 | Crear | Villager (Male) |
| 1:28 | Crear | Villager (Male) |
| 1:44 | Construir | Lumber Camp |
| 1:50 | Crear | Villager (Male) |
| 1:51 | Crear | Villager (Male) |
| 2:21 | Crear | Villager (Male) |
| 2:21 | Crear | Villager (Male) |
| 2:43 | Crear | Villager (Male) |
| 2:43 | Crear | Villager (Male) |
| 3:09 | Crear | Villager (Male) |
| 3:34 | Crear | Villager (Male) |
| 3:34 | Crear | Villager (Male) |
| 3:34 | Crear | Villager (Male) |
| 3:51 | Construir | House |
| 3:52 | Construir | House |
| 3:53 | Construir | House |
| 4:10 | Crear | Villager (Male) |
| 4:10 | Crear | Villager (Male) |
| 4:11 | Crear | Villager (Male) |
| 4:45 | Construir | Mill |
| 4:51 | Crear | Villager (Male) |
| 5:11 | Crear | Villager (Male) |
| 5:12 | Crear | Villager (Male) |
| 5:57 | Crear | Villager (Male) |
| 6:09 | Construir | Mill |
| 6:24 | Crear | Villager (Male) |
| 6:35 | Crear | Villager (Male) |
| 6:58 | Crear | Villager (Male) |
| 7:22 | Construir | Lumber Camp |
| 7:40 | Crear | Villager (Male) |
| 7:53 | Construir | Farm |
| 7:55 | Crear | Villager (Male) |
| 8:10 | Construir | Farm |
| 8:27 | Crear | Villager (Male) |
| 8:42 | Construir | Farm |
| 8:48 | Investigar | Feudal Age |
| 8:54 | Construir | Mining Camp |
| 9:18 | Crear | Villager (Male) |
| 9:18 | Crear | Villager (Male) |
| 11:21 | Edad | Edad Feudal |
| 11:23 | Construir | Market |
| 11:24 | Construir | Blacksmith |
| 12:10 | Investigar | Castle Age |
| 12:10 | Investigar | Castle Age |
| 12:10 | Investigar | Castle Age |
| 12:37 | Investigar | Double-Bit Axe |
| 12:37 | Investigar | Double-Bit Axe |
| 12:55 | Investigar | Horse Collar |
| 12:59 | Construir | House |
| 13:01 | Construir | House |
| 13:35 | Crear | Villager (Male) |
| 14:04 | Crear | Villager (Male) |
| 14:28 | Construir | Farm |
| 14:29 | Construir | Farm |
| 14:31 | Construir | Farm |
| 14:51 | Edad | Edad de los Castillos |
| 14:52 | Investigar | Heavy Plow |
| 14:53 | Investigar | Bow Saw |
| 14:59 | Construir | Town Center |
| 15:04 | Construir | Town Center |
| 15:37 | Crear | Villager (Male) |
| 15:39 | Construir | Town Center |
| 15:45 | Construir | Farm |
| 15:46 | Crear | Villager (Male) |
| 16:06 | Investigar | Wheelbarrow |
| 16:08 | Construir | Farm |
| 16:23 | Construir | Farm |
| 16:24 | Construir | Farm |
| 16:26 | Construir | Farm |
| 16:41 | Construir | Farm |
| 16:41 | Crear | Villager (Male) |
| 16:42 | Crear | Villager (Male) |
| 16:43 | Construir | Farm |
| 16:49 | Construir | Farm |
| 16:58 | Crear | Villager (Male) |
| 16:58 | Crear | Villager (Male) |
| 17:07 | Construir | Farm |
| 17:10 | Construir | Farm |
| 17:15 | Crear | Villager (Male) |
| 17:15 | Crear | Villager (Male) |
| 17:22 | Construir | Farm |
| 17:23 | Construir | Farm |
| 17:24 | Crear | Villager (Male) |
| 17:24 | Crear | Villager (Male) |
| 17:24 | Crear | Villager (Male) |
| 17:33 | Crear | Villager (Male) |
| 17:33 | Crear | Villager (Male) |
| 17:36 | Crear | Villager (Male) |
| 17:38 | Construir | Farm |
| 17:39 | Construir | Farm |
| 17:50 | Crear | Villager (Male) |
| 18:04 | Crear | Villager (Male) |
| 18:04 | Crear | Villager (Male) |
| 18:04 | Crear | Villager (Male) |
| 18:04 | Crear | Villager (Male) |
| 18:06 | Construir | Farm |
| 18:09 | Construir | Farm |
| 18:14 | Crear | Villager (Male) |
| 18:14 | Crear | Villager (Male) |
| 18:14 | Crear | Villager (Male) |
| 18:16 | Construir | Farm |
| 18:19 | Construir | House |
| 18:23 | Construir | Farm |
| 18:24 | Crear | Villager (Male) |
| 18:25 | Crear | Villager (Male) |
| 18:29 | Construir | Farm |
| 18:33 | Construir | Farm |
| 18:38 | Construir | Farm |
| 18:40 | Crear | Villager (Male) |
| 18:40 | Crear | Villager (Male) |
| 18:41 | Crear | Villager (Male) |
| 18:42 | Construir | Farm |
| 18:43 | Crear | Villager (Male) |
| 18:43 | Crear | Villager (Male) |
| 18:44 | Crear | Villager (Male) |
| 18:47 | Construir | Farm |
| 18:49 | Crear | Villager (Male) |
| 18:49 | Crear | Villager (Male) |
| 18:49 | Crear | Villager (Male) |
| 18:53 | Construir | Farm |
| 18:57 | Construir | House |
| 19:03 | Construir | Farm |
| 19:03 | Crear | Villager (Male) |
| 19:04 | Crear | Villager (Male) |
| 19:04 | Crear | Villager (Male) |
| 19:08 | Construir | Farm |
| 19:12 | Construir | Farm |
| 19:14 | Crear | Villager (Male) |
| 19:14 | Crear | Villager (Male) |
| 19:19 | Crear | Villager (Male) |
| 19:19 | Crear | Villager (Male) |
| 19:21 | Crear | Villager (Male) |
| 19:23 | Construir | House |
| 19:26 | Crear | Villager (Male) |
| 19:26 | Crear | Villager (Male) |
| 19:42 | Crear | Villager (Male) |
| 19:43 | Crear | Villager (Male) |
| 19:46 | Construir | Farm |
| 19:56 | Crear | Villager (Male) |
| 19:56 | Crear | Villager (Male) |
| 20:00 | Construir | University |
| 20:02 | Crear | Villager (Male) |
| 20:03 | Crear | Villager (Male) |
Build order — 夫人我就蹭蹭不进去
Primeras 150 de 314 acciones detectadas
| 0:02 | Crear | Villager (Male) |
| 0:02 | Crear | Villager (Male) |
| 0:03 | Construir | House |
| 0:04 | Construir | House |
| 0:16 | Crear | Villager (Male) |
| 0:16 | Crear | Villager (Male) |
| 0:16 | Crear | Villager (Male) |
| 1:43 | Crear | Villager (Male) |
| 1:56 | Crear | Villager (Male) |
| 2:24 | Crear | Villager (Male) |
| 2:39 | Construir | House |
| 2:40 | Construir | House |
| 2:45 | Crear | Villager (Male) |
| 2:45 | Crear | Villager (Male) |
| 3:22 | Construir | Lumber Camp |
| 3:32 | Crear | Villager (Male) |
| 3:32 | Crear | Villager (Male) |
| 3:45 | Crear | Villager (Male) |
| 3:46 | Crear | Villager (Male) |
| 4:37 | Crear | Villager (Male) |
| 5:22 | Crear | Villager (Male) |
| 5:22 | Crear | Villager (Male) |
| 6:05 | Crear | Villager (Male) |
| 6:15 | Crear | Villager (Male) |
| 6:15 | Crear | Villager (Male) |
| 6:30 | Construir | Mining Camp |
| 6:53 | Crear | Villager (Male) |
| 7:18 | Construir | Mill |
| 7:37 | Investigar | Feudal Age |
| 8:14 | Crear | Villager (Male) |
| 8:14 | Crear | Villager (Male) |
| 8:15 | Investigar | Loom |
| 8:40 | Construir | Palisade Wall |
| 9:08 | Construir | Mining Camp |
| 9:19 | Crear | Villager (Male) |
| 9:19 | Crear | Villager (Male) |
| 9:33 | Construir | Palisade Wall |
| 10:08 | Edad | Edad Feudal |
| 10:10 | Construir | Watch Tower |
| 10:15 | Construir | House |
| 10:19 | Construir | House |
| 10:31 | Construir | House |
| 10:37 | Construir | Blacksmith |
| 10:45 | Construir | House |
| 10:56 | Construir | Palisade Wall |
| 11:04 | Crear | Villager (Male) |
| 11:48 | Investigar | Fletching |
| 11:56 | Crear | Villager (Male) |
| 11:56 | Crear | Villager (Male) |
| 12:10 | Construir | Watch Tower |
| 12:18 | Construir | Palisade Wall |
| 12:33 | Construir | House |
| 12:40 | Construir | House |
| 12:44 | Construir | House |
| 12:57 | Crear | Villager (Male) |
| 12:57 | Crear | Villager (Male) |
| 13:15 | Crear | Villager (Male) |
| 13:36 | Construir | Market |
| 14:18 | Crear | Villager (Male) |
| 14:18 | Crear | Villager (Male) |
| 15:07 | Crear | Villager (Male) |
| 15:53 | Investigar | Castle Age |
| 16:49 | Construir | Farm |
| 16:50 | Construir | Farm |
| 16:51 | Construir | Farm |
| 16:52 | Construir | Farm |
| 17:38 | Construir | Farm |
| 17:40 | Construir | Farm |
| 17:55 | Crear | Villager (Male) |
| 18:09 | Construir | Farm |
| 18:10 | Construir | Farm |
| 18:33 | Edad | Edad de los Castillos |
| 18:38 | Construir | Castle |
| 18:53 | Crear | Villager (Male) |
| 18:53 | Crear | Villager (Male) |
| 19:51 | Crear | Villager (Male) |
| 19:56 | Crear | Mangudai |
| 20:06 | Construir | Siege Workshop |
| 20:18 | Construir | Farm |
| 20:18 | Construir | Farm |
| 20:20 | Crear | Villager (Male) |
| 20:20 | Crear | Villager (Male) |
| 20:26 | Crear | Mangudai |
| 20:49 | Construir | Farm |
| 20:50 | Construir | Farm |
| 20:58 | Investigar | Double-Bit Axe |
| 21:12 | Crear | Villager (Male) |
| 21:13 | Crear | Battering Ram |
| 21:38 | Crear | Villager (Male) |
| 21:39 | Crear | Villager (Male) |
| 21:43 | Crear | Battering Ram |
| 22:27 | Crear | Villager (Male) |
| 22:30 | Investigar | Horse Collar |
| 22:36 | Crear | Battering Ram |
| 22:53 | Crear | Villager (Male) |
| 22:55 | Investigar | Gold Mining |
| 23:10 | Construir | House |
| 23:22 | Crear | Villager (Male) |
| 23:23 | Crear | Villager (Male) |
| 23:23 | Crear | Villager (Male) |
| 23:31 | Construir | Mining Camp |
| 23:45 | Crear | Mangudai |
| 23:45 | Crear | Mangudai |
| 24:02 | Crear | Mangonel |
| 24:09 | Crear | Villager (Male) |
| 24:09 | Crear | Villager (Male) |
| 24:09 | Crear | Villager (Male) |
| 24:28 | Construir | Castle |
| 24:38 | Construir | Castle |
| 24:48 | Crear | Mangudai |
| 24:48 | Crear | Mangudai |
| 25:09 | Crear | Mangudai |
| 25:12 | Crear | Villager (Male) |
| 25:16 | Investigar | Bodkin Arrow |
| 25:20 | Crear | Villager (Male) |
| 25:20 | Crear | Villager (Male) |
| 25:26 | Crear | Battering Ram |
| 25:26 | Crear | Battering Ram |
| 25:42 | Construir | Mining Camp |
| 26:07 | Crear | Villager (Male) |
| 26:11 | Investigar | Padded Archer Armor |
| 26:19 | Crear | Mangudai |
| 26:22 | Crear | Mangudai |
| 26:26 | Crear | Mangudai |
| 26:36 | Construir | Farm |
| 26:38 | Crear | Villager (Male) |
| 26:38 | Crear | Villager (Male) |
| 26:38 | Crear | Villager (Male) |
| 27:24 | Crear | Battering Ram |
| 27:24 | Crear | Battering Ram |
| 27:58 | Crear | Villager (Male) |
| 28:01 | Investigar | Leather Archer Armor |
| 28:01 | Investigar | Leather Archer Armor |
| 28:03 | Crear | Mangudai |
| 28:07 | Crear | Mangudai |
| 28:07 | Crear | Mangudai |
| 28:12 | Crear | Villager (Male) |
| 28:12 | Crear | Villager (Male) |
| 28:19 | Construir | Lumber Camp |
| 29:26 | Construir | House |
| 29:28 | Construir | House |
| 29:38 | Construir | House |
| 29:43 | Construir | Palisade Wall |
| 29:52 | Crear | Mangudai |
| 30:28 | Crear | Mangudai |
| 30:28 | Crear | Mangudai |
| 30:31 | Investigar | Wheelbarrow |
| 30:39 | Construir | Barracks |
| 30:42 | Construir | University |
| 30:56 | Crear | Villager (Male) |
Build order — NoSleep
Primeras 150 de 1108 acciones detectadas
| 0:01 | Crear | Villager (Male) |
| 0:03 | Construir | House |
| 0:04 | Construir | House |
| 0:18 | Crear | Villager (Male) |
| 0:22 | Crear | Villager (Male) |
| 0:26 | Crear | Villager (Male) |
| 0:38 | Construir | House |
| 1:38 | Crear | Villager (Male) |
| 1:45 | Construir | Lumber Camp |
| 1:49 | Crear | Villager (Male) |
| 2:32 | Crear | Villager (Male) |
| 2:46 | Crear | Villager (Male) |
| 3:17 | Crear | Villager (Male) |
| 3:26 | Crear | Villager (Male) |
| 4:05 | Crear | Villager (Male) |
| 4:21 | Crear | Villager (Male) |
| 4:22 | Crear | Villager (Male) |
| 4:44 | Crear | Villager (Male) |
| 4:45 | Crear | Villager (Male) |
| 4:48 | Crear | Villager (Male) |
| 5:57 | Construir | Mill |
| 6:40 | Investigar | Feudal Age |
| 6:59 | Construir | House |
| 7:26 | Crear | Villager (Male) |
| 7:27 | Crear | Villager (Male) |
| 7:36 | Construir | House |
| 8:52 | Edad | Edad Feudal |
| 9:03 | Construir | Town Center |
| 9:07 | Investigar | Double-Bit Axe |
| 9:13 | Crear | Villager (Male) |
| 9:30 | Crear | Villager (Male) |
| 10:06 | Crear | Villager (Male) |
| 10:28 | Construir | Mill |
| 10:38 | Construir | Mill |
| 10:43 | Crear | Villager (Male) |
| 10:55 | Crear | Villager (Male) |
| 10:55 | Crear | Villager (Male) |
| 11:10 | Crear | Villager (Male) |
| 11:11 | Crear | Villager (Male) |
| 11:27 | Crear | Villager (Male) |
| 11:40 | Crear | Villager (Male) |
| 11:46 | Crear | Villager (Male) |
| 11:49 | Construir | Farm |
| 11:51 | Construir | Farm |
| 11:56 | Crear | Villager (Male) |
| 12:10 | Construir | House |
| 12:13 | Construir | House |
| 12:17 | Construir | Farm |
| 12:22 | Construir | Farm |
| 12:23 | Crear | Villager (Male) |
| 12:29 | Crear | Villager (Male) |
| 12:38 | Crear | Villager (Male) |
| 12:42 | Construir | Farm |
| 12:46 | Crear | Villager (Male) |
| 12:54 | Crear | Villager (Male) |
| 13:02 | Construir | Farm |
| 13:04 | Construir | Farm |
| 13:07 | Construir | Farm |
| 13:08 | Crear | Villager (Male) |
| 13:14 | Construir | Farm |
| 13:15 | Construir | Farm |
| 13:28 | Construir | House |
| 13:30 | Crear | Villager (Male) |
| 13:31 | Crear | Villager (Male) |
| 13:45 | Construir | Farm |
| 13:50 | Crear | Villager (Male) |
| 13:51 | Crear | Villager (Male) |
| 13:57 | Construir | House |
| 13:58 | Construir | House |
| 14:02 | Crear | Villager (Male) |
| 14:16 | Crear | Villager (Male) |
| 14:21 | Investigar | Horse Collar |
| 14:35 | Construir | Lumber Camp |
| 14:43 | Construir | House |
| 14:44 | Construir | House |
| 14:46 | Crear | Villager (Male) |
| 14:47 | Crear | Villager (Male) |
| 15:02 | Crear | Villager (Male) |
| 15:17 | Construir | Farm |
| 15:18 | Construir | Farm |
| 15:20 | Construir | Farm |
| 15:23 | Crear | Villager (Male) |
| 15:36 | Construir | Barracks |
| 15:38 | Crear | Villager (Male) |
| 15:48 | Construir | Farm |
| 15:52 | Crear | Villager (Male) |
| 15:56 | Construir | Blacksmith |
| 16:05 | Construir | Farm |
| 16:09 | Construir | Farm |
| 16:12 | Crear | Villager (Male) |
| 16:16 | Construir | Farm |
| 16:18 | Crear | Villager (Male) |
| 16:33 | Crear | Villager (Male) |
| 16:41 | Construir | Farm |
| 16:51 | Construir | Lumber Camp |
| 16:52 | Crear | Villager (Male) |
| 17:00 | Construir | Stable |
| 17:08 | Construir | Farm |
| 17:13 | Construir | Farm |
| 17:15 | Crear | Villager (Male) |
| 17:16 | Crear | Villager (Male) |
| 17:24 | Construir | Lumber Camp |
| 17:29 | Crear | Villager (Male) |
| 17:32 | Construir | Farm |
| 17:34 | Crear | Villager (Male) |
| 17:45 | Construir | Farm |
| 17:48 | Construir | Farm |
| 17:52 | Crear | Villager (Male) |
| 18:24 | Construir | Stable |
| 18:25 | Construir | Stable |
| 18:26 | Construir | Stable |
| 18:29 | Investigar | Castle Age |
| 18:31 | Crear | Villager (Male) |
| 18:31 | Crear | Villager (Male) |
| 18:32 | Crear | Villager (Male) |
| 18:54 | Construir | Mining Camp |
| 19:02 | Construir | Mill |
| 19:03 | Construir | Farm |
| 19:04 | Construir | Farm |
| 19:04 | Construir | Farm |
| 19:05 | Construir | Farm |
| 19:06 | Construir | Farm |
| 19:07 | Construir | Farm |
| 19:08 | Construir | Farm |
| 19:09 | Construir | Farm |
| 19:12 | Crear | Villager (Male) |
| 19:19 | Construir | Farm |
| 19:24 | Construir | Farm |
| 19:25 | Construir | Farm |
| 19:28 | Investigar | Gold Mining |
| 19:30 | Investigar | Bloodlines |
| 19:31 | Crear | Villager (Male) |
| 19:35 | Investigar | Forging |
| 19:51 | Crear | Villager (Male) |
| 20:01 | Investigar | Scale Barding Armor |
| 20:22 | Construir | Stable |
| 20:30 | Construir | House |
| 20:31 | Construir | House |
| 20:32 | Construir | House |
| 20:33 | Construir | House |
| 20:34 | Construir | House |
| 20:35 | Construir | House |
| 20:35 | Construir | House |
| 20:38 | Crear | Villager (Male) |
| 20:56 | Crear | Villager (Male) |
| 21:03 | Investigar | Wheelbarrow |
| 21:10 | Edad | Edad de los Castillos |
| 21:12 | Crear | Steppe Lancer |
| 21:12 | Crear | Steppe Lancer |
| 21:12 | Crear | Steppe Lancer |
Build order — [韓粉戰隊] 鋼鐵韓粉
Primeras 150 de 653 acciones detectadas
| 0:01 | Crear | Villager (Male) ×4 |
| 0:02 | Construir | House |
| 0:04 | Construir | House |
| 1:28 | Crear | Villager (Male) |
| 1:52 | Crear | Villager (Male) |
| 1:52 | Crear | Villager (Male) |
| 2:13 | Construir | Lumber Camp |
| 2:31 | Crear | Villager (Male) |
| 2:31 | Crear | Villager (Male) |
| 2:55 | Crear | Villager (Male) |
| 2:55 | Crear | Villager (Male) |
| 2:56 | Crear | Villager (Male) |
| 3:22 | Crear | Villager (Male) |
| 3:26 | Construir | House |
| 3:45 | Crear | Villager (Male) |
| 3:56 | Crear | Villager (Male) |
| 4:21 | Crear | Villager (Male) |
| 4:21 | Crear | Villager (Male) |
| 4:46 | Construir | Mill |
| 5:13 | Crear | Villager (Male) |
| 5:14 | Crear | Villager (Male) |
| 5:34 | Crear | Villager (Male) |
| 6:39 | Investigar | Feudal Age |
| 8:06 | Construir | House |
| 8:08 | Construir | House |
| 8:51 | Edad | Edad Feudal |
| 8:53 | Crear | Villager (Male) |
| 9:00 | Construir | Town Center |
| 9:20 | Investigar | Double-Bit Axe |
| 9:22 | Investigar | Horse Collar |
| 9:23 | Crear | Villager (Male) |
| 9:45 | Crear | Villager (Male) |
| 10:09 | Crear | Villager (Male) |
| 10:29 | Crear | Villager (Male) |
| 10:29 | Crear | Villager (Male) |
| 10:43 | Crear | Villager (Male) |
| 10:44 | Crear | Villager (Male) |
| 10:55 | Construir | Farm |
| 10:56 | Construir | Farm |
| 10:58 | Crear | Villager (Male) |
| 11:01 | Construir | Farm |
| 11:06 | Construir | Farm |
| 11:09 | Crear | Villager (Male) |
| 11:23 | Crear | Villager (Male) |
| 11:27 | Construir | Farm |
| 11:29 | Crear | Villager (Male) |
| 11:34 | Construir | House |
| 11:35 | Construir | House |
| 11:44 | Construir | Farm |
| 11:47 | Crear | Villager (Male) |
| 11:55 | Crear | Villager (Male) |
| 12:06 | Crear | Villager (Male) |
| 12:10 | Crear | Villager (Male) |
| 12:16 | Construir | Farm |
| 12:18 | Construir | Farm |
| 12:24 | Crear | Villager (Male) |
| 12:37 | Crear | Villager (Male) |
| 12:37 | Crear | Villager (Male) |
| 12:40 | Construir | Farm |
| 12:41 | Construir | Farm |
| 12:44 | Crear | Villager (Male) |
| 12:47 | Construir | Farm |
| 12:57 | Construir | Farm |
| 13:09 | Crear | Villager (Male) |
| 13:09 | Crear | Villager (Male) |
| 13:13 | Construir | Farm |
| 13:16 | Construir | Farm |
| 13:17 | Crear | Villager (Male) |
| 13:26 | Crear | Villager (Male) |
| 13:41 | Crear | Villager (Male) |
| 13:46 | Construir | House |
| 13:57 | Construir | Farm |
| 13:58 | Construir | Farm |
| 14:10 | Construir | Mining Camp |
| 14:14 | Crear | Villager (Male) |
| 14:17 | Crear | Villager (Male) |
| 14:26 | Construir | Blacksmith |
| 14:39 | Crear | Villager (Male) |
| 14:51 | Crear | Villager (Male) |
| 14:55 | Construir | Market |
| 15:00 | Crear | Villager (Male) |
| 15:04 | Construir | Farm |
| 15:09 | Crear | Villager (Male) |
| 15:21 | Construir | Farm |
| 15:22 | Crear | Villager (Male) |
| 15:24 | Construir | Farm |
| 15:35 | Crear | Villager (Male) |
| 15:36 | Crear | Villager (Male) |
| 15:41 | Construir | House |
| 15:42 | Construir | House |
| 15:43 | Construir | House |
| 15:44 | Construir | House |
| 15:51 | Investigar | Town Watch |
| 15:53 | Investigar | Wheelbarrow |
| 16:14 | Crear | Villager (Male) |
| 16:31 | Crear | Villager (Male) |
| 16:56 | Investigar | Castle Age |
| 16:59 | Crear | Villager (Male) |
| 17:12 | Crear | Villager (Male) |
| 17:19 | Construir | Farm |
| 17:22 | Construir | Barracks |
| 17:25 | Crear | Villager (Male) |
| 17:29 | Investigar | Gold Mining |
| 17:37 | Construir | House |
| 17:38 | Construir | House |
| 17:43 | Construir | House |
| 17:44 | Construir | House |
| 17:45 | Construir | House |
| 17:46 | Construir | House |
| 17:48 | Crear | Villager (Male) |
| 18:13 | Crear | Villager (Male) |
| 18:16 | Construir | Farm |
| 18:17 | Construir | Farm |
| 18:18 | Construir | Farm |
| 18:20 | Construir | Farm |
| 18:23 | Construir | Stable |
| 18:25 | Construir | Stable |
| 18:27 | Construir | Stable |
| 18:31 | Crear | Villager (Male) |
| 18:33 | Investigar | Scale Barding Armor |
| 18:40 | Crear | Villager (Male) |
| 18:49 | Construir | Farm |
| 18:55 | Construir | Farm |
| 18:55 | Construir | Farm |
| 18:56 | Construir | Farm |
| 18:56 | Construir | Farm |
| 18:57 | Construir | Farm |
| 19:00 | Crear | Villager (Male) |
| 19:03 | Investigar | Forging |
| 19:23 | Investigar | Bloodlines |
| 19:33 | Construir | Farm |
| 19:45 | Crear | Villager (Male) |
| 19:45 | Crear | Villager (Male) |
| 19:49 | Construir | House |
| 19:49 | Edad | Edad de los Castillos |
| 19:50 | Construir | House |
| 19:52 | Crear | Steppe Lancer |
| 19:53 | Crear | Steppe Lancer |
| 19:53 | Crear | Steppe Lancer |
| 20:07 | Crear | Steppe Lancer |
| 20:08 | Crear | Steppe Lancer |
| 20:08 | Crear | Steppe Lancer |
| 20:21 | Crear | Villager (Male) |
| 20:22 | Crear | Villager (Male) |
| 20:24 | Crear | Steppe Lancer |
| 20:24 | Crear | Steppe Lancer |
| 20:27 | Crear | Villager (Male) |
| 20:31 | Construir | Farm |
| 20:31 | Construir | Farm |
| 20:32 | Construir | Farm |
Build order — Mau5
Primeras 150 de 549 acciones detectadas
| 0:02 | Crear | Villager (Male) |
| 0:02 | Crear | Villager (Male) |
| 0:03 | Construir | House |
| 0:04 | Construir | House |
| 0:13 | Crear | Villager (Male) |
| 0:16 | Crear | Villager (Male) |
| 0:16 | Crear | Villager (Male) |
| 0:16 | Crear | Villager (Male) |
| 1:30 | Crear | Villager (Male) |
| 1:30 | Crear | Villager (Male) |
| 2:00 | Crear | Villager (Male) |
| 2:10 | Crear | Villager (Male) |
| 3:00 | Crear | Villager (Male) |
| 3:00 | Crear | Villager (Male) |
| 3:00 | Crear | Villager (Male) |
| 3:00 | Crear | Villager (Male) |
| 3:01 | Crear | Villager (Male) |
| 3:53 | Construir | House |
| 3:54 | Construir | Mill |
| 4:11 | Crear | Villager (Male) |
| 4:11 | Crear | Villager (Male) |
| 4:55 | Construir | Lumber Camp |
| 5:04 | Crear | Villager (Male) |
| 5:05 | Crear | Villager (Male) |
| 6:06 | Investigar | Feudal Age |
| 6:07 | Investigar | Loom |
| 6:07 | Investigar | Loom |
| 7:04 | Construir | Mining Camp |
| 7:09 | Construir | House |
| 7:43 | Construir | House |
| 8:00 | Crear | Villager (Male) |
| 8:01 | Crear | Villager (Male) |
| 8:16 | Edad | Edad Feudal |
| 8:18 | Construir | Watch Tower |
| 8:36 | Crear | Villager (Male) |
| 9:15 | Crear | Villager (Male) |
| 9:17 | Construir | Blacksmith |
| 9:21 | Construir | Blacksmith |
| 10:14 | Crear | Villager (Male) |
| 10:16 | Crear | Villager (Male) |
| 10:43 | Crear | Villager (Male) |
| 10:54 | Construir | Watch Tower |
| 11:11 | Investigar | Fletching |
| 11:11 | Investigar | Fletching |
| 11:50 | Crear | Villager (Male) |
| 11:50 | Crear | Villager (Male) |
| 11:50 | Crear | Villager (Male) |
| 11:53 | Construir | Market |
| 12:23 | Construir | Mining Camp |
| 12:24 | Crear | Villager (Male) |
| 12:24 | Crear | Villager (Male) |
| 12:52 | Crear | Villager (Male) |
| 13:00 | Construir | Watch Tower |
| 13:11 | Crear | Villager (Male) |
| 13:12 | Crear | Villager (Male) |
| 13:35 | Crear | Villager (Male) |
| 13:43 | Crear | Villager (Male) |
| 13:46 | Construir | Mill |
| 13:52 | Construir | House |
| 13:53 | Construir | House |
| 14:20 | Crear | Villager (Male) |
| 14:32 | Crear | Villager (Male) |
| 14:39 | Crear | Villager (Male) |
| 15:05 | Construir | Watch Tower |
| 15:20 | Crear | Villager (Male) |
| 15:44 | Crear | Villager (Male) |
| 15:54 | Crear | Villager (Male) |
| 16:37 | Crear | Villager (Male) |
| 17:11 | Investigar | Castle Age |
| 17:11 | Investigar | Castle Age |
| 17:26 | Construir | Watch Tower |
| 18:04 | Construir | House |
| 18:05 | Construir | House |
| 18:05 | Construir | House |
| 18:06 | Construir | House |
| 18:06 | Construir | House |
| 18:29 | Investigar | Double-Bit Axe |
| 18:29 | Investigar | Double-Bit Axe |
| 18:48 | Investigar | Horse Collar |
| 18:48 | Investigar | Horse Collar |
| 19:35 | Construir | Palisade Gate |
| 19:55 | Edad | Edad de los Castillos |
| 19:56 | Crear | Villager (Male) |
| 19:58 | Construir | Stone Wall |
| 20:02 | Crear | Villager (Male) |
| 20:05 | Construir | Town Center |
| 20:18 | Construir | Town Center |
| 20:35 | Crear | Villager (Male) |
| 20:51 | Construir | Farm |
| 21:01 | Crear | Villager (Male) |
| 21:13 | Construir | Outpost |
| 21:15 | Construir | Outpost |
| 21:18 | Crear | Villager (Male) |
| 21:18 | Crear | Villager (Male) |
| 21:21 | Crear | Villager (Male) |
| 21:22 | Crear | Villager (Male) |
| 21:22 | Crear | Villager (Male) |
| 21:22 | Crear | Villager (Male) |
| 21:22 | Crear | Villager (Male) |
| 21:25 | Construir | Farm |
| 21:46 | Construir | Farm |
| 21:52 | Construir | Farm |
| 21:59 | Crear | Villager (Male) |
| 22:00 | Crear | Villager (Male) |
| 22:00 | Crear | Villager (Male) |
| 22:00 | Crear | Villager (Male) |
| 22:00 | Crear | Villager (Male) |
| 22:01 | Crear | Villager (Male) |
| 22:06 | Construir | Farm |
| 22:09 | Construir | Farm |
| 22:17 | Crear | Villager (Male) |
| 22:17 | Crear | Villager (Male) |
| 22:34 | Construir | Farm |
| 22:54 | Construir | Castle |
| 22:57 | Construir | Farm |
| 23:02 | Construir | Lumber Camp |
| 23:03 | Crear | Villager (Male) |
| 23:03 | Crear | Villager (Male) |
| 23:04 | Crear | Villager (Male) |
| 23:10 | Crear | Villager (Male) |
| 23:10 | Crear | Villager (Male) |
| 23:10 | Crear | Villager (Male) |
| 23:11 | Crear | Villager (Male) |
| 23:11 | Crear | Villager (Male) |
| 23:11 | Crear | Villager (Male) |
| 23:15 | Construir | Farm |
| 23:18 | Construir | Farm |
| 23:19 | Crear | Villager (Male) |
| 23:24 | Construir | Farm |
| 23:33 | Construir | Farm |
| 23:34 | Crear | Villager (Male) |
| 23:34 | Crear | Villager (Male) |
| 23:39 | Construir | Farm |
| 23:50 | Crear | Villager (Male) |
| 23:50 | Crear | Villager (Male) |
| 24:08 | Crear | Mameluke |
| 24:16 | Crear | Villager (Male) |
| 24:17 | Construir | Farm |
| 24:23 | Construir | Farm |
| 24:25 | Construir | Farm |
| 24:26 | Crear | Villager (Male) |
| 24:28 | Construir | Farm |
| 25:08 | Crear | Villager (Male) |
| 26:06 | Construir | House |
| 26:08 | Construir | House |
| 26:11 | Construir | House |
| 26:19 | Construir | House |
| 26:31 | Investigar | Imperial Age |
| 26:31 | Investigar | Imperial Age |
| 26:48 | Construir | House |
Build order — [韓粉戰隊] 台北庶民
Primeras 150 de 764 acciones detectadas
| 0:01 | Crear | Villager (Male) |
| 0:01 | Crear | Villager (Male) |
| 0:03 | Construir | House |
| 0:05 | Construir | House |
| 0:08 | Crear | Villager (Male) |
| 0:09 | Crear | Villager (Male) |
| 1:28 | Crear | Villager (Male) |
| 1:54 | Construir | Lumber Camp |
| 1:55 | Crear | Villager (Male) |
| 2:24 | Crear | Villager (Male) |
| 2:43 | Crear | Villager (Male) |
| 2:43 | Crear | Villager (Male) |
| 3:02 | Crear | Villager (Male) |
| 3:36 | Crear | Villager (Male) |
| 3:56 | Construir | House |
| 3:58 | Construir | House |
| 4:04 | Crear | Villager (Male) |
| 4:04 | Crear | Villager (Male) |
| 4:43 | Construir | House |
| 4:45 | Crear | Villager (Male) |
| 4:46 | Crear | Villager (Male) |
| 4:46 | Crear | Villager (Male) |
| 5:14 | Construir | Mill |
| 5:32 | Crear | Villager (Male) |
| 5:38 | Crear | Villager (Male) |
| 6:01 | Crear | Villager (Male) |
| 6:01 | Crear | Villager (Male) |
| 6:03 | Construir | Mill |
| 6:45 | Crear | Villager (Male) |
| 6:45 | Crear | Villager (Male) |
| 6:57 | Crear | Villager (Male) |
| 7:01 | Crear | Villager (Male) |
| 7:36 | Construir | Farm |
| 7:45 | Construir | Farm |
| 8:26 | Construir | Mining Camp |
| 8:29 | Investigar | Feudal Age |
| 9:54 | Crear | Villager (Male) |
| 9:55 | Crear | Villager (Male) |
| 10:56 | Edad | Edad Feudal |
| 10:58 | Construir | Market |
| 11:04 | Construir | Blacksmith |
| 11:26 | Construir | Mining Camp |
| 11:33 | Construir | House |
| 11:48 | Investigar | Castle Age |
| 12:12 | Construir | House |
| 13:11 | Construir | Palisade Wall |
| 13:18 | Investigar | Horse Collar |
| 13:19 | Investigar | Double-Bit Axe |
| 13:29 | Construir | Farm |
| 14:22 | Crear | Villager (Male) |
| 14:28 | Edad | Edad de los Castillos |
| 14:28 | Investigar | Bow Saw |
| 14:34 | Crear | Villager (Male) |
| 14:55 | Construir | Lumber Camp |
| 14:59 | Crear | Villager (Male) |
| 15:05 | Crear | Villager (Male) |
| 15:15 | Construir | Castle |
| 15:23 | Construir | Siege Workshop |
| 15:30 | Crear | Villager (Male) |
| 15:54 | Crear | Villager (Male) |
| 16:17 | Crear | Villager (Male) |
| 16:22 | Crear | Battering Ram |
| 16:38 | Crear | Villager (Male) |
| 16:54 | Construir | House |
| 16:56 | Construir | House |
| 16:59 | Crear | Battering Ram |
| 17:02 | Crear | Hussite Wagon |
| 17:08 | Construir | Mining Camp |
| 17:14 | Crear | Villager (Male) |
| 17:21 | Crear | Hussite Wagon |
| 17:36 | Construir | House |
| 17:39 | Crear | Villager (Male) |
| 17:43 | Crear | Hussite Wagon |
| 17:49 | Construir | Stone Wall |
| 17:54 | Construir | House |
| 18:01 | Crear | Villager (Male) |
| 18:05 | Crear | Battering Ram |
| 18:14 | Construir | Farm |
| 18:23 | Construir | Farm |
| 18:37 | Crear | Hussite Wagon |
| 18:37 | Crear | Villager (Male) |
| 18:51 | Crear | Villager (Male) |
| 19:03 | Construir | Stone Wall |
| 19:07 | Crear | Villager (Male) |
| 19:09 | Construir | Farm |
| 19:10 | Construir | Farm |
| 19:13 | Construir | Farm |
| 19:19 | Crear | Battering Ram |
| 19:26 | Construir | Stone Wall |
| 19:28 | Crear | Villager (Male) |
| 19:38 | Crear | Hussite Wagon |
| 19:50 | Crear | Hussite Wagon |
| 20:06 | Crear | Battering Ram |
| 20:08 | Crear | Hussite Wagon |
| 20:09 | Crear | Villager (Male) |
| 20:23 | Crear | Villager (Male) |
| 20:25 | Crear | Hussite Wagon |
| 20:36 | Construir | Farm |
| 20:41 | Investigar | Wheelbarrow |
| 20:41 | Investigar | Wheelbarrow |
| 20:44 | Crear | Hussite Wagon |
| 20:58 | Crear | Villager (Male) |
| 21:05 | Construir | Farm |
| 21:13 | Construir | Monastery |
| 21:32 | Crear | Hussite Wagon |
| 21:44 | Crear | Hussite Wagon |
| 21:46 | Crear | Villager (Male) |
| 22:10 | Investigar | Fervor |
| 22:12 | Construir | Farm |
| 22:13 | Crear | Villager (Male) |
| 22:33 | Crear | Hussite Wagon |
| 22:33 | Crear | Villager (Male) |
| 22:43 | Construir | Farm |
| 22:45 | Investigar | Heavy Plow |
| 22:55 | Crear | Hussite Wagon |
| 22:58 | Crear | Villager (Male) |
| 23:01 | Construir | Farm |
| 23:12 | Construir | Town Center |
| 23:23 | Crear | Hussite Wagon |
| 23:23 | Crear | Villager (Male) |
| 23:32 | Crear | Villager (Male) |
| 23:35 | Construir | Farm |
| 23:44 | Crear | Hussite Wagon |
| 23:47 | Crear | Villager (Male) |
| 23:54 | Construir | Farm |
| 23:56 | Construir | Farm |
| 23:57 | Construir | Farm |
| 24:27 | Crear | Hussite Wagon |
| 24:27 | Crear | Villager (Male) |
| 24:35 | Crear | Hussite Wagon |
| 24:36 | Crear | Villager (Male) |
| 24:40 | Construir | Farm |
| 24:40 | Construir | Farm |
| 24:46 | Crear | Villager (Male) |
| 24:55 | Crear | Villager (Male) |
| 24:56 | Crear | Hussite Wagon |
| 25:10 | Crear | Villager (Male) |
| 25:12 | Construir | Farm |
| 25:52 | Crear | Hussite Wagon |
| 25:53 | Crear | Villager (Male) |
| 26:06 | Crear | Villager (Male) |
| 26:15 | Crear | Battering Ram |
| 26:23 | Crear | Villager (Male) |
| 26:31 | Crear | Villager (Male) |
| 26:38 | Construir | Town Center |
| 26:41 | Crear | Villager (Male) |
| 26:54 | Crear | Villager (Male) |
| 26:57 | Construir | Farm |
| 27:24 | Investigar | Imperial Age |
| 27:25 | Crear | Villager (Male) |
Build order — 我是幸运的
Primeras 150 de 320 acciones detectadas
| 0:02 | Crear | Villager (Male) |
| 0:03 | Crear | Villager (Male) |
| 0:04 | Construir | House |
| 0:07 | Construir | House |
| 0:08 | Construir | House |
| 0:55 | Crear | Villager (Male) |
| 0:55 | Crear | Villager (Male) |
| 0:55 | Crear | Villager (Male) |
| 0:56 | Crear | Villager (Male) |
| 1:41 | Crear | Villager (Male) |
| 1:52 | Construir | Lumber Camp |
| 1:55 | Crear | Villager (Male) |
| 2:33 | Crear | Villager (Male) |
| 2:58 | Crear | Villager (Male) |
| 2:59 | Crear | Villager (Male) |
| 3:36 | Crear | Villager (Male) |
| 4:05 | Crear | Villager (Male) |
| 4:29 | Construir | Mill |
| 4:38 | Crear | Villager (Male) |
| 4:46 | Crear | Villager (Male) |
| 5:29 | Crear | Villager (Male) |
| 5:30 | Crear | Villager (Male) |
| 5:30 | Crear | Villager (Male) |
| 5:35 | Construir | House |
| 5:36 | Construir | House |
| 6:10 | Construir | House |
| 6:18 | Construir | House |
| 6:21 | Crear | Villager (Male) |
| 6:21 | Crear | Villager (Male) |
| 6:22 | Crear | Villager (Male) |
| 6:54 | Construir | Mill |
| 7:02 | Crear | Villager (Male) |
| 7:22 | Construir | Mining Camp |
| 7:28 | Crear | Villager (Male) |
| 7:31 | Crear | Villager (Male) |
| 8:26 | Investigar | Feudal Age |
| 9:20 | Crear | Villager (Male) |
| 9:21 | Crear | Villager (Male) |
| 9:21 | Crear | Villager (Male) |
| 10:20 | Construir | Farm |
| 10:36 | Edad | Edad Feudal |
| 11:15 | Construir | Market |
| 11:22 | Construir | Blacksmith |
| 11:31 | Crear | Villager (Male) |
| 12:00 | Construir | Mining Camp |
| 12:19 | Investigar | Loom |
| 12:25 | Investigar | Castle Age |
| 12:53 | Construir | Farm |
| 12:54 | Construir | Farm |
| 12:59 | Construir | Farm |
| 14:02 | Investigar | Horse Collar |
| 14:05 | Investigar | Double-Bit Axe |
| 14:09 | Crear | Villager (Male) |
| 14:10 | Crear | Villager (Male) |
| 14:10 | Crear | Villager (Male) |
| 14:56 | Investigar | Wheelbarrow |
| 15:24 | Edad | Edad de los Castillos |
| 16:02 | Construir | Castle |
| 16:09 | Crear | Villager (Male) |
| 16:15 | Construir | Farm |
| 16:43 | Construir | Farm |
| 16:45 | Construir | Farm |
| 16:46 | Construir | Farm |
| 16:49 | Construir | Farm |
| 17:28 | Construir | Mining Camp |
| 17:33 | Construir | Farm |
| 18:08 | Crear | Villager (Male) |
| 18:10 | Construir | Farm |
| 18:12 | Construir | Farm |
| 18:13 | Construir | Farm |
| 18:24 | Crear | Villager (Male) |
| 18:55 | Construir | Farm |
| 19:07 | Crear | Villager (Male) |
| 19:08 | Crear | Villager (Male) |
| 19:14 | Construir | Farm |
| 19:15 | Construir | Farm |
| 19:16 | Construir | Farm |
| 19:32 | Construir | Farm |
| 19:37 | Construir | Farm |
| 19:44 | Crear | Villager (Male) |
| 20:23 | Construir | Farm |
| 20:26 | Crear | Villager (Male) |
| 20:50 | Crear | Villager (Male) |
| 20:54 | Construir | Farm |
| 21:12 | Crear | Villager (Male) |
| 21:36 | Investigar | Imperial Age |
| 21:45 | Construir | Farm |
| 21:51 | Investigar | Gold Mining |
| 22:18 | Construir | Siege Workshop |
| 22:47 | Crear | Mangonel |
| 23:04 | Construir | Castle |
| 23:35 | Construir | House |
| 23:36 | Construir | House |
| 23:37 | Construir | House |
| 23:52 | Construir | House |
| 23:53 | Construir | House |
| 23:54 | Construir | House |
| 23:54 | Construir | House |
| 24:30 | Crear | Janissary |
| 24:30 | Crear | Janissary |
| 24:30 | Crear | Janissary |
| 24:31 | Crear | Janissary |
| 24:51 | Edad | Edad Imperial |
| 25:08 | Crear | Bombard Cannon |
| 26:44 | Construir | Siege Workshop |
| 27:07 | Investigar | Hand Cart |
| 27:08 | Crear | Villager (Male) |
| 27:08 | Crear | Villager (Male) |
| 27:08 | Crear | Villager (Male) |
| 27:09 | Crear | Villager (Male) |
| 27:09 | Crear | Villager (Male) |
| 27:09 | Crear | Villager (Male) |
| 27:09 | Crear | Villager (Male) |
| 28:04 | Crear | Bombard Cannon |
| 29:02 | Crear | Bombard Cannon |
| 29:06 | Construir | Farm |
| 29:41 | Crear | Bombard Cannon |
| 30:20 | Crear | Bombard Cannon |
| 30:22 | Crear | Villager (Male) |
| 30:22 | Crear | Villager (Male) |
| 30:22 | Crear | Villager (Male) |
| 30:22 | Crear | Villager (Male) |
| 30:23 | Crear | Villager (Male) |
| 30:23 | Crear | Villager (Male) |
| 30:52 | Crear | Bombard Cannon |
| 31:06 | Crear | Villager (Male) |
| 31:15 | Construir | Lumber Camp |
| 31:51 | Crear | Villager (Male) |
| 31:52 | Crear | Villager (Male) |
| 31:52 | Crear | Villager (Male) |
| 31:52 | Crear | Villager (Male) |
| 31:53 | Construir | Farm |
| 31:54 | Construir | Farm |
| 31:56 | Construir | Farm |
| 31:57 | Construir | Farm |
| 32:27 | Construir | Gate |
| 33:53 | Construir | Farm |
| 33:59 | Crear | Bombard Cannon |
| 33:59 | Crear | Bombard Cannon |
| 33:59 | Crear | Bombard Cannon |
| 34:04 | Construir | Barracks |
| 34:48 | Construir | House |
| 34:48 | Construir | House |
| 34:49 | Construir | House |
| 34:50 | Construir | House |
| 34:51 | Construir | House |
| 34:52 | Construir | House |
| 34:52 | Construir | House |
| 34:53 | Construir | House |
| 35:39 | Construir | Archery Range |
Build order — Xun
Primeras 150 de 620 acciones detectadas
| 0:02 | Crear | Villager (Male) |
| 0:02 | Crear | Villager (Male) |
| 0:03 | Construir | House |
| 0:04 | Construir | House |
| 0:09 | Crear | Villager (Male) |
| 0:10 | Crear | Villager (Male) |
| 0:12 | Crear | Villager (Male) |
| 1:02 | Construir | Palisade Gate |
| 1:13 | Construir | House |
| 1:37 | Construir | Palisade Gate |
| 1:38 | Crear | Villager (Male) |
| 1:50 | Construir | Palisade Gate |
| 2:00 | Construir | Palisade Wall |
| 2:01 | Crear | Villager (Male) |
| 2:12 | Construir | Palisade Gate |
| 2:35 | Crear | Villager (Male) |
| 2:58 | Crear | Villager (Male) |
| 2:58 | Crear | Villager (Male) |
| 3:12 | Construir | Palisade Wall |
| 3:33 | Crear | Villager (Male) |
| 4:08 | Crear | Villager (Male) |
| 4:31 | Crear | Villager (Male) |
| 4:38 | Construir | Lumber Camp |
| 4:39 | Crear | Villager (Male) |
| 4:44 | Crear | Villager (Male) |
| 5:00 | Construir | House |
| 5:00 | Construir | House |
| 5:08 | Crear | Villager (Male) |
| 5:20 | Crear | Villager (Male) |
| 5:39 | Crear | Villager (Male) |
| 6:03 | Construir | House |
| 6:37 | Construir | Mill |
| 6:38 | Crear | Villager (Male) |
| 6:44 | Crear | Villager (Male) |
| 6:56 | Crear | Villager (Male) |
| 7:00 | Crear | Villager (Male) |
| 7:16 | Crear | Villager (Male) |
| 7:46 | Crear | Villager (Male) |
| 7:48 | Construir | Farm |
| 8:19 | Crear | Villager (Male) |
| 8:31 | Construir | Mining Camp |
| 8:43 | Investigar | Feudal Age |
| 9:38 | Crear | Villager (Male) |
| 9:40 | Crear | Villager (Male) |
| 10:51 | Edad | Edad Feudal |
| 10:53 | Construir | Market |
| 10:55 | Construir | Blacksmith |
| 11:38 | Investigar | Castle Age |
| 11:53 | Investigar | Double-Bit Axe |
| 12:17 | Construir | Farm |
| 12:18 | Construir | Farm |
| 12:35 | Investigar | Horse Collar |
| 12:42 | Construir | Farm |
| 12:44 | Construir | Farm |
| 13:11 | Crear | Villager (Male) |
| 14:04 | Edad | Edad de los Castillos |
| 14:05 | Construir | Monastery |
| 14:08 | Construir | Town Center |
| 14:13 | Crear | Villager (Male) |
| 14:24 | Construir | Farm |
| 14:40 | Construir | Town Center |
| 14:43 | Crear | Villager (Male) |
| 14:49 | Crear | Monk |
| 14:53 | Construir | House |
| 14:55 | Crear | Villager (Male) |
| 15:16 | Crear | Villager (Male) |
| 15:19 | Construir | House |
| 15:29 | Crear | Villager (Male) |
| 15:35 | Crear | Villager (Male) |
| 15:37 | Crear | Villager (Male) |
| 15:37 | Crear | Villager (Male) |
| 15:40 | Crear | Villager (Male) |
| 15:47 | Crear | Villager (Male) |
| 15:47 | Crear | Villager (Male) |
| 15:49 | Crear | Villager (Male) |
| 15:52 | Construir | House |
| 16:01 | Construir | Farm |
| 16:03 | Construir | Farm |
| 16:04 | Construir | Farm |
| 16:15 | Crear | Villager (Male) |
| 16:16 | Crear | Villager (Male) |
| 16:17 | Crear | Villager (Male) |
| 16:18 | Crear | Monk |
| 16:24 | Construir | Farm |
| 16:33 | Construir | Farm |
| 16:35 | Construir | House |
| 16:40 | Crear | Villager (Male) |
| 16:43 | Crear | Villager (Male) |
| 16:47 | Construir | Farm |
| 16:51 | Crear | Villager (Male) |
| 16:52 | Crear | Villager (Male) |
| 17:05 | Construir | Farm |
| 17:17 | Crear | Villager (Male) |
| 17:26 | Crear | Villager (Male) |
| 17:27 | Construir | House |
| 17:29 | Construir | Farm |
| 17:33 | Construir | Farm |
| 17:46 | Construir | Farm |
| 17:46 | Crear | Villager (Male) |
| 17:56 | Crear | Villager (Male) |
| 17:56 | Crear | Villager (Male) |
| 17:59 | Construir | House |
| 18:05 | Crear | Villager (Male) |
| 18:13 | Construir | Town Center |
| 18:20 | Construir | Farm |
| 18:22 | Crear | Villager (Male) |
| 18:23 | Crear | Villager (Male) |
| 18:30 | Construir | House |
| 18:31 | Crear | Villager (Male) |
| 18:43 | Construir | Farm |
| 18:44 | Construir | Farm |
| 18:45 | Construir | Farm |
| 18:46 | Crear | Villager (Male) |
| 18:49 | Crear | Villager (Male) |
| 19:01 | Construir | Farm |
| 19:01 | Crear | Villager (Male) |
| 19:06 | Construir | Farm |
| 19:07 | Construir | Farm |
| 19:12 | Construir | House |
| 19:17 | Crear | Villager (Male) |
| 19:18 | Crear | Villager (Male) |
| 19:26 | Crear | Villager (Male) |
| 19:26 | Crear | Villager (Male) |
| 19:30 | Construir | Farm |
| 19:39 | Crear | Villager (Male) |
| 19:44 | Construir | Town Center |
| 19:44 | Crear | Villager (Male) |
| 19:47 | Crear | Villager (Male) |
| 19:56 | Crear | Villager (Male) |
| 19:56 | Crear | Villager (Male) |
| 20:04 | Construir | Farm |
| 20:05 | Construir | Farm |
| 20:07 | Crear | Villager (Male) |
| 20:08 | Crear | Villager (Male) |
| 20:10 | Construir | Farm |
| 20:11 | Crear | Villager (Male) |
| 20:14 | Construir | Farm |
| 20:15 | Construir | Farm |
| 20:16 | Crear | Villager (Male) |
| 20:22 | Crear | Villager (Male) |
| 20:31 | Construir | Farm |
| 20:32 | Construir | Farm |
| 20:33 | Construir | Mill |
| 20:34 | Construir | Farm |
| 20:36 | Crear | Villager (Male) |
| 20:37 | Crear | Villager (Male) |
| 20:51 | Crear | Villager (Male) |
| 20:51 | Crear | Villager (Male) |
| 20:55 | Construir | Farm |
| 20:59 | Construir | Farm |
Cronología de la partida
| 2:00 | Xun · wall_segment Palisade Wall x1 |
| 3:12 | Xun · wall_segment Palisade Wall x1 |
| 8:16 | Mau5 · age_up feudal |
| 8:40 | 夫人我就蹭蹭不进去 · wall_segment Palisade Wall x2 |
| 8:51 | [韓粉戰隊] 鋼鐵韓粉 · age_up feudal |
| 8:52 | NoSleep · age_up feudal |
| 9:33 | 夫人我就蹭蹭不进去 · wall_segment Palisade Wall x1 |
| 10:08 | 夫人我就蹭蹭不进去 · age_up feudal |
| 10:36 | 我是幸运的 · age_up feudal |
| 10:51 | Xun · age_up feudal |
| 10:56 | 夫人我就蹭蹭不进去 · wall_segment Palisade Wall x1 |
| 10:56 | [韓粉戰隊] 台北庶民 · age_up feudal |
| 11:21 | Cagata Sonante · age_up feudal |
| 12:18 | 夫人我就蹭蹭不进去 · wall_segment Palisade Wall x1 |
| 13:11 | [韓粉戰隊] 台北庶民 · wall_segment Palisade Wall x1 |
| 14:04 | Xun · age_up castle |
| 14:05 | Xun · first_building Monastery |
| 14:28 | [韓粉戰隊] 台北庶民 · age_up castle |
| 14:44 | 夫人我就蹭蹭不进去 · first_market_buy 100 food |
| 14:47 | 夫人我就蹭蹭不进去 · first_market_sell 100 wood |
| 14:51 | Cagata Sonante · age_up castle |
| 15:15 | [韓粉戰隊] 台北庶民 · first_building Castle |
| 15:23 | [韓粉戰隊] 台北庶民 · first_building Siege Workshop |
| 15:24 | 我是幸运的 · age_up castle |
| 15:36 | NoSleep · first_building Barracks |
| 15:36 | Cagata Sonante · first_market_buy 100 stone |
| 15:57 | Mau5 · first_market_buy 100 food |
| 16:02 | 我是幸运的 · first_building Castle |
| 16:55 | Mau5 · first_market_sell 100 wood |
| 17:00 | NoSleep · first_building Stable |
| 17:22 | [韓粉戰隊] 鋼鐵韓粉 · first_building Barracks |
| 17:49 | [韓粉戰隊] 台北庶民 · wall_segment Stone Wall x3 |
| 17:57 | Cagata Sonante · first_market_sell 100 wood |
| 18:23 | [韓粉戰隊] 鋼鐵韓粉 · first_building Stable |
| 18:33 | 夫人我就蹭蹭不进去 · age_up castle |
| 18:38 | 夫人我就蹭蹭不进去 · first_building Castle |
| 19:03 | [韓粉戰隊] 台北庶民 · wall_segment Stone Wall x1 |
| 19:26 | [韓粉戰隊] 台北庶民 · wall_segment Stone Wall x1 |
| 19:49 | [韓粉戰隊] 鋼鐵韓粉 · age_up castle |
| 19:55 | Mau5 · age_up castle |
| 19:58 | Mau5 · wall_segment Stone Wall x1 |
| 20:06 | 夫人我就蹭蹭不进去 · first_building Siege Workshop |
| 20:47 | Cagata Sonante · first_building Monastery |
| 21:10 | NoSleep · age_up castle |
| 21:13 | [韓粉戰隊] 台北庶民 · first_building Monastery |
| 21:21 | 我是幸运的 · first_market_buy 100 food |
| 21:53 | Cagata Sonante · first_building Barracks |
| 22:18 | 我是幸运的 · first_building Siege Workshop |
| 22:54 | Mau5 · first_building Castle |
| 23:55 | Cagata Sonante · first_building Siege Workshop |
| 24:51 | 我是幸运的 · age_up imperial |
| 25:27 | Cagata Sonante · first_building Castle |
| 26:02 | Xun · first_building Castle |
| 26:53 | Mau5 · wall_segment Palisade Wall x1 |
| 27:08 | Mau5 · wall_segment Palisade Wall x1 |
| 27:26 | Cagata Sonante · age_up imperial |
| 27:40 | NoSleep · first_building Monastery |
| 27:40 | Mau5 · wall_segment Palisade Wall x1 |
| 27:42 | Mau5 · wall_segment Palisade Wall x1 |
| 28:23 | Xun · first_building Barracks |
| 28:45 | [韓粉戰隊] 台北庶民 · first_building Barracks |
| 29:05 | Xun · first_building Stable |
| 29:41 | Mau5 · age_up imperial |
| 29:43 | [韓粉戰隊] 台北庶民 · first_building Archery Range |
| 29:43 | 夫人我就蹭蹭不进去 · wall_segment Palisade Wall x1 |
| 30:17 | Xun · age_up imperial |
| 30:22 | [韓粉戰隊] 鋼鐵韓粉 · first_building Castle |
| 30:30 | [韓粉戰隊] 台北庶民 · wall_segment Palisade Wall x1 |
| 30:34 | [韓粉戰隊] 台北庶民 · age_up imperial |
| 30:35 | [韓粉戰隊] 鋼鐵韓粉 · first_building Monastery |
| 30:39 | 夫人我就蹭蹭不进去 · first_building Barracks |
| 30:50 | [韓粉戰隊] 台北庶民 · first_market_sell 100 stone |
| 31:04 | NoSleep · first_building Castle |
| 31:12 | Mau5 · wall_segment Stone Wall x2 |
| 31:16 | [韓粉戰隊] 台北庶民 · wall_segment Palisade Wall x1 |
| 31:28 | [韓粉戰隊] 台北庶民 · wall_segment Stone Wall x1 |
| 31:34 | Xun · first_market_sell 100 food |
| 31:37 | 夫人我就蹭蹭不进去 · wall_segment Stone Wall x1 |
| 31:42 | [韓粉戰隊] 台北庶民 · wall_segment Stone Wall x1 |
| 31:43 | [韓粉戰隊] 台北庶民 · wall_segment Stone Wall x1 |
| 31:55 | Xun · wall_segment Stone Wall x1 |
| 31:56 | Xun · wall_segment Stone Wall x1 |
| 32:00 | 夫人我就蹭蹭不进去 · wall_segment Stone Wall x4 |
| 32:08 | 夫人我就蹭蹭不进去 · first_building Stable |
| 32:49 | [韓粉戰隊] 鋼鐵韓粉 · first_market_sell 500 food |
| 32:55 | Cagata Sonante · wall_segment Stone Wall x5 |
| 33:52 | 夫人我就蹭蹭不进去 · first_building Archery Range |
| 34:04 | 我是幸运的 · first_building Barracks |
| 34:29 | [韓粉戰隊] 台北庶民 · wall_segment Stone Wall x1 |
| 34:33 | [韓粉戰隊] 鋼鐵韓粉 · age_up imperial |
| 34:33 | [韓粉戰隊] 台北庶民 · wall_segment Stone Wall x2 |
| 35:04 | NoSleep · age_up imperial |
| 35:23 | 夫人我就蹭蹭不进去 · age_up imperial |
| 35:39 | 我是幸运的 · first_building Archery Range |
| 36:00 | Mau5 · first_building Barracks |
| 37:06 | Mau5 · first_building Stable |
| 39:13 | [韓粉戰隊] 台北庶民 · wall_segment Stone Wall x3 |
| 39:14 | [韓粉戰隊] 台北庶民 · wall_segment Stone Wall x1 |
| 40:33 | [韓粉戰隊] 台北庶民 · wall_segment Stone Wall x1 |
| 41:56 | Cagata Sonante · wall_segment Stone Wall x7 |
| 43:26 | Cagata Sonante · wall_segment Stone Wall x12 |
| 43:34 | Cagata Sonante · wall_segment Stone Wall x22 |
| 43:36 | Cagata Sonante · wall_segment Stone Wall x1 |
| 45:26 | [韓粉戰隊] 鋼鐵韓粉 · first_building Siege Workshop |
| 45:34 | Cagata Sonante · wall_segment Stone Wall x6 |
| 45:35 | Cagata Sonante · wall_segment Stone Wall x4 |
| 45:40 | Cagata Sonante · wall_segment Stone Wall x15 |
| 45:44 | Cagata Sonante · wall_segment Stone Wall x2 |
| 45:47 | Xun · tribute_sent a jugador 1 |
| 45:47 | Xun · tribute_sent a jugador 2 |
| 45:47 | Xun · tribute_sent a jugador 3 |
| 45:47 | Xun · tribute_sent a jugador 4 |
| 45:47 | Xun · tribute_sent a jugador 5 |
| 45:47 | Xun · tribute_sent a jugador 6 |
| 45:47 | Xun · tribute_sent a jugador 8 |
| 45:50 | Xun · tribute_sent a jugador 1 |
| 45:50 | Xun · tribute_sent a jugador 2 |
| 45:50 | Xun · tribute_sent a jugador 3 |
| 45:50 | Xun · tribute_sent a jugador 4 |
| 45:50 | Xun · tribute_sent a jugador 5 |
| 45:50 | Xun · tribute_sent a jugador 6 |
| 45:50 | Xun · tribute_sent a jugador 8 |
| 45:57 | Xun · tribute_sent a jugador 1 |
| 45:57 | Xun · tribute_sent a jugador 2 |
| 45:57 | Xun · tribute_sent a jugador 3 |
| 45:57 | Xun · tribute_sent a jugador 4 |
| 45:58 | Xun · tribute_sent a jugador 5 |
| 45:58 | Xun · tribute_sent a jugador 6 |
| 45:58 | Xun · tribute_sent a jugador 8 |
| 46:07 | Xun · tribute_sent a jugador 1 |
| 46:07 | Xun · tribute_sent a jugador 2 |
| 46:07 | Xun · tribute_sent a jugador 3 |
| 46:07 | Xun · tribute_sent a jugador 4 |
| 46:07 | Xun · tribute_sent a jugador 5 |
| 46:07 | Xun · tribute_sent a jugador 6 |
| 46:07 | Xun · tribute_sent a jugador 8 |
| 46:52 | Xun · tribute_sent a jugador 1 |
| 46:52 | Xun · tribute_sent a jugador 2 |
| 46:52 | Xun · tribute_sent a jugador 3 |
| 46:52 | Xun · tribute_sent a jugador 4 |
| 46:52 | Xun · tribute_sent a jugador 5 |
| 46:52 | Xun · tribute_sent a jugador 6 |
| 46:52 | Xun · tribute_sent a jugador 8 |
| 47:01 | Cagata Sonante · wall_segment Stone Wall x6 |
| 47:18 | 夫人我就蹭蹭不进去 · wall_segment Stone Wall x5 |
| 47:23 | Xun · tribute_sent a jugador 1 |
| 47:23 | Xun · tribute_sent a jugador 2 |
| 47:23 | Xun · tribute_sent a jugador 3 |
| 47:23 | Xun · tribute_sent a jugador 4 |
| 47:23 | Xun · tribute_sent a jugador 5 |
| 47:23 | Xun · tribute_sent a jugador 6 |
| 47:23 | Xun · tribute_sent a jugador 8 |
| 47:39 | Xun · tribute_sent a jugador 1 |
| 47:39 | Xun · tribute_sent a jugador 2 |
| 47:39 | Xun · tribute_sent a jugador 3 |
| 47:39 | Xun · tribute_sent a jugador 4 |
| 47:39 | Xun · tribute_sent a jugador 5 |
| 47:39 | Xun · tribute_sent a jugador 6 |
| 47:39 | Xun · tribute_sent a jugador 8 |
| 47:55 | Cagata Sonante · wall_segment Stone Wall x11 |
| 47:59 | Cagata Sonante · wall_segment Stone Wall x12 |
| 48:05 | 夫人我就蹭蹭不进去 · wall_segment Stone Wall x1 |
| 48:18 | Xun · tribute_sent a jugador 1 |
| 48:18 | Xun · tribute_sent a jugador 2 |
| 48:18 | Xun · tribute_sent a jugador 3 |
| 48:18 | Xun · tribute_sent a jugador 4 |
| 48:18 | Xun · tribute_sent a jugador 5 |
| 48:18 | Xun · tribute_sent a jugador 6 |
| 48:18 | Xun · tribute_sent a jugador 8 |
| 48:56 | Xun · tribute_sent a jugador 1 |
| 48:56 | Xun · tribute_sent a jugador 2 |
| 48:56 | Xun · tribute_sent a jugador 3 |
| 48:56 | Xun · tribute_sent a jugador 4 |
| 48:56 | Xun · tribute_sent a jugador 5 |
| 48:56 | Xun · tribute_sent a jugador 6 |
| 48:56 | Xun · tribute_sent a jugador 8 |
| 49:13 | 夫人我就蹭蹭不进去 · wall_segment Stone Wall x1 |
| 49:40 | Xun · tribute_sent a jugador 1 |
| 49:40 | Xun · tribute_sent a jugador 2 |
| 49:40 | Xun · tribute_sent a jugador 3 |
| 49:40 | Xun · tribute_sent a jugador 4 |
| 49:40 | Xun · tribute_sent a jugador 5 |
| 49:40 | Xun · tribute_sent a jugador 6 |
| 49:40 | Xun · tribute_sent a jugador 8 |
| 50:27 | 夫人我就蹭蹭不进去 · wall_segment Stone Wall x1 |
| 50:38 | 夫人我就蹭蹭不进去 · wall_segment Stone Wall x3 |
| 50:39 | [韓粉戰隊] 鋼鐵韓粉 · tribute_sent a jugador 1 |
| 50:39 | [韓粉戰隊] 鋼鐵韓粉 · tribute_sent a jugador 2 |
| 50:39 | [韓粉戰隊] 鋼鐵韓粉 · tribute_sent a jugador 4 |
| 50:39 | [韓粉戰隊] 鋼鐵韓粉 · tribute_sent a jugador 5 |
| 50:39 | [韓粉戰隊] 鋼鐵韓粉 · tribute_sent a jugador 6 |
| 50:39 | [韓粉戰隊] 鋼鐵韓粉 · tribute_sent a jugador 7 |
| 50:39 | [韓粉戰隊] 鋼鐵韓粉 · tribute_sent a jugador 8 |
| 51:09 | Xun · tribute_sent a jugador 1 |
| 51:09 | Xun · tribute_sent a jugador 2 |
| 51:09 | Xun · tribute_sent a jugador 3 |
| 51:09 | Xun · tribute_sent a jugador 4 |
| 51:09 | Xun · tribute_sent a jugador 5 |
| 51:09 | Xun · tribute_sent a jugador 6 |
| 51:09 | Xun · tribute_sent a jugador 8 |
| 52:07 | [韓粉戰隊] 鋼鐵韓粉 · wall_segment Palisade Wall x1 |
| 53:32 | Cagata Sonante · tribute_sent a jugador 1 |
| 53:32 | Cagata Sonante · tribute_sent a jugador 2 |
| 53:32 | Cagata Sonante · tribute_sent a jugador 3 |
| 53:32 | Cagata Sonante · tribute_sent a jugador 4 |
| 53:32 | Cagata Sonante · tribute_sent a jugador 5 |
| 53:32 | Cagata Sonante · tribute_sent a jugador 6 |
| 53:32 | Cagata Sonante · tribute_sent a jugador 7 |
| 53:52 | Mau5 · tribute_sent a jugador 1 |
| 53:52 | Mau5 · tribute_sent a jugador 2 |
| 53:52 | Mau5 · tribute_sent a jugador 3 |
| 53:52 | Mau5 · tribute_sent a jugador 5 |
| 53:52 | Mau5 · tribute_sent a jugador 6 |
| 53:52 | Mau5 · tribute_sent a jugador 7 |
| 53:52 | Mau5 · tribute_sent a jugador 8 |
| 54:03 | Xun · tribute_sent a jugador 1 |
| 54:03 | Xun · tribute_sent a jugador 2 |
| 54:03 | Xun · tribute_sent a jugador 3 |
| 54:03 | Xun · tribute_sent a jugador 4 |
| 54:03 | Xun · tribute_sent a jugador 5 |
| 54:03 | Xun · tribute_sent a jugador 6 |
| 54:03 | Xun · tribute_sent a jugador 8 |
| 54:53 | 夫人我就蹭蹭不进去 · resign |
| 55:39 | Cagata Sonante · tribute_sent a jugador 1 |
| 55:39 | Cagata Sonante · tribute_sent a jugador 2 |
| 55:39 | Cagata Sonante · tribute_sent a jugador 3 |
| 55:39 | Cagata Sonante · tribute_sent a jugador 4 |
| 55:39 | Cagata Sonante · tribute_sent a jugador 5 |
| 55:39 | Cagata Sonante · tribute_sent a jugador 6 |
| 55:39 | Cagata Sonante · tribute_sent a jugador 7 |
| 57:38 | Mau5 · tribute_sent a jugador 1 |
| 57:38 | Mau5 · tribute_sent a jugador 2 |
| 57:38 | Mau5 · tribute_sent a jugador 3 |
| 57:38 | Mau5 · tribute_sent a jugador 5 |
| 57:38 | Mau5 · tribute_sent a jugador 6 |
| 57:38 | Mau5 · tribute_sent a jugador 7 |
| 57:38 | Mau5 · tribute_sent a jugador 8 |
| 59:23 | Cagata Sonante · tribute_sent a jugador 1 |
| 59:23 | Cagata Sonante · tribute_sent a jugador 2 |
| 59:23 | Cagata Sonante · tribute_sent a jugador 3 |
| 59:23 | Cagata Sonante · tribute_sent a jugador 4 |
| 59:23 | Cagata Sonante · tribute_sent a jugador 5 |
| 59:23 | Cagata Sonante · tribute_sent a jugador 6 |
| 59:23 | Cagata Sonante · tribute_sent a jugador 7 |
[ ANÁLISIS IA · 1 CRÉDITO ]
¿Qué pasó realmente en esta partida?
Wolo.gg analiza cada decisión: build order, eco, micro, errores típicos por bracket. Análisis personalizado por WhatsApp o Discord en 30 segundos.
Guía civ
Teutones
Perfil
Cagata Sonante